 Dungeon Crawl Stone Soup version 0.27-a0-538-g15ff5c5295 (webtiles) character file.

Game seed: 16273066400024269103

2235 jasper the Covert (level 9, -8/40 HPs)
             Began as a Spriggan Earth Elementalist on Mar 6, 2021.
             Was a Believer of Vehumet.
             Mangled by a vampire mosquito (11 damage)
             ... on level 9 of the Dungeon.
             The game lasted 00:11:11 (6868 turns).

jasper the Covert (Spriggan Earth Elementalist)     Turns: 6868, Time: 00:11:12

Health: -8/40      AC:  2    Str:  4    XL:     9   Next: 14%
Magic:  11/18      EV: 17    Int: 19    God:    Vehumet [**....]
Gold:   99         SH:  0    Dex: 16    Spells: 4/19 levels left

rFire    . . .     SeeInvis +   e - +0 dagger
rCold    . . .     Faith    .   (shield restricted)
rNeg     . . .     Spirit   .   c - +0 robe
rPois    .         Reflect  .   (helmet restricted)
rElec    .         Harm     .   (no cloak)
rCorr    .         Rampage  .   (gloves unavailable)
Will     +....                  (boots unavailable)
Stlth    +++++.....             (no amulet)
HPRegen  0.13/turn              (no ring)
MPRegen  0.16/turn              (no ring)

@: very quick
A: very small, unfitting armour, see invisible, speed 3
a: Renounce Religion


You were on level 9 of the Dungeon.
You worshipped Vehumet.
Vehumet was pleased with you.
You visited 2 branches of the dungeon, and saw 8 of its levels.

You collected 219 gold pieces.
You spent 120 gold pieces at shops.

Inventory:

Hand Weapons
 e - a +0 dagger (weapon)
 w - the +3 long sword of Prudence {venom, rElec rF+}
   (You found it on level 5 of the Dungeon)

   It poisons the flesh of those it strikes.
   It protects you from fire.
   It insulates you from electricity.
Missiles
 b - 16 stones
Armour
 c - a +0 robe (worn)
Jewellery
 p - a ring of ice
Wands
 g - a wand of random effects (15)
 y - a wand of mindburst (12)
 z - a wand of flame (13)
Scrolls
 a - a scroll of magic mapping {unknown}
 d - 2 scrolls of enchant weapon {unknown}
 f - 6 scrolls of identify {unknown}
 j - a scroll of blinking {unknown}
 l - 2 scrolls of immolation
 o - 2 scrolls of noise {unknown}
 q - 3 scrolls of enchant armour {unknown}
 r - a scroll of random uselessness {unknown}
 s - 2 scrolls of fear {unknown}
 u - 3 scrolls of teleportation {unknown}
 v - a scroll of fog {unknown}
 A - a scroll of amnesia {unknown}
Potions
 h - a potion of mutation {unknown}
 i - a potion of lignification {unknown}
 k - 2 potions of heal wounds {unknown}
 m - 3 potions of berserk rage
 n - 4 potions of curing
 t - a potion of brilliance {unknown}
 x - a potion of invisibility {unknown}


   Skills:
 - Level 0.4 Fighting
 - Level 4.0 Short Blades
 - Level 2.9 Dodging
 + Level 10.8 Stealth
 + Level 5.7 Spellcasting
 - Level 0.2 Conjurations
 - Level 5.0 Transmutations
 * Level 7.1 Earth Magic


You had 4 spell levels left.
You knew the following spells:

 Your Spells              Type           Power      Damage    Failure   Level
a - Sandblast             Erth           64%        2d14      1%          1
b - Passwall              Tmut/Erth      23%        N/A       1%          2
c - Stone Arrow           Conj/Erth      38%        3d9       8%          3
d - Petrify               Tmut/Erth      28%        N/A       10%         4
e - Lee's Rapid Deconstr  Erth           16%        3d11*     17%         5

Your spell library contained the following spells:

 Spells                   Type           Power      Damage    Failure   Level
 Magic Dart               Conj           24%        1d4       11%         1


Dungeon Overview and Level Annotations

Branches:
Dungeon (9/15)             Temple (1/1) D:4             Orc (0/2) D:9
   Lair: D:8-11

Altars:
Cheibriados
Dithmenos
Elyvilon
Fedhas
Gozag
Kikubaaqudgha
Nemelex Xobeh
Okawaru
Qazlal
Ru
Sif Muna
Trog
Vehumet
Wu Jian
Xom
Yredelemnul
Zin
The Shining One

Shops:
D:4 [(!==

Annotations:
D:4 1 runed translucent door, krigyl's ghost, amateur TrEE


Innate Abilities, Weirdness & Mutations

You are very small and have problems with some larger weapons.
You are too small for most types of armour.
You have supernaturally acute eyesight. (SInv)
You cover ground extremely quickly. (Speed+++)


Message History

The blast of sand hits the vampire mosquito!!
You destroy the vampire mosquito!
Vehumet accepts your kill.
You now have 13/18 mp.
Aiming: Sandblast (safe; 1% risk of failure)
Press: ? - help, Q - select action, (/) - cycle Shift-Dir - straight line, f - vampire mosquito
Aim: a vampire mosquito (30% to evade)
The blast of sand hits the vampire mosquito!
The vampire mosquito is heavily damaged.
The vampire mosquito bites you!
The vampire mosquito draws strength from your injuries!
The vampire mosquito barely misses you.
You take 9 damage, and have 13/40 hp.
MASSIVE DAMAGE!!
Aiming: Sandblast (safe; 1% risk of failure)
Press: ? - help, Q - select action, (/) - cycle Shift-Dir - straight line, f/p - vampire mosquito
Aim: a vampire mosquito (lightly damaged, 30% to evade)
The blast of sand misses the vampire mosquito.
The blast of sand hits the vampire mosquito.
The vampire mosquito is lightly damaged.
The vampire mosquito completely misses you. x2
You now have 12/18 mp.
Aiming: Sandblast (safe; 1% risk of failure)
Press: ? - help, Q - select action, (/) - cycle Shift-Dir - straight line, f/p - vampire mosquito
Aim: a vampire mosquito (lightly damaged, 30% to evade)
The blast of sand hits the vampire mosquito!
The vampire mosquito is heavily damaged.
The vampire mosquito misses you. The vampire mosquito barely misses you.
You now have 11/18 mp.
Aiming: Sandblast (safe; 1% risk of failure)
Press: ? - help, Q - select action, (/) - cycle Shift-Dir - straight line, f/p - vampire mosquito
Aim: a vampire mosquito (heavily damaged, 30% to evade)
The blast of sand hits the vampire mosquito.
The vampire mosquito is severely damaged.
The vampire mosquito barely misses you. The vampire mosquito bites you!
* * * LOW HITPOINT WARNING * * *
The vampire mosquito draws strength from your injuries!
You take 11 damage, and have 2/40 hp.
MASSIVE DAMAGE!!
You now have 10/18 mp.
The vampire mosquito closely misses you.
The vampire mosquito bites you!
You die...

###### #....# #....############
#...............#
###############y......>.......###
..............y.@................
..............######.............
..............# #†............
..............# #.............
..............# +..##########.
.......[......######..#........#.
...#######............+...†....#.
...#.....#............#........'.
...#.....#............##########.


You could see 2 vampire mosquitoes.

Vanquished Creatures
  A komodo dragon (D:9)
  A yak (D:9)
  2 vampire mosquitoes (D:9)
  4 water moccasins (D:9)
  A sky beast (D:9)
  A black bear (D:9)
  An ogre (D:8)
  2 centaurs
  2 phantoms
  2 scorpions
  A hound (D:9)
  An orc priest (D:5)
  A bullfrog skeleton (D:5)
  2 iguanas
  Ijyb (Temple)
  2 orc wizards (D:3)
  A worker ant (D:9)
  A hound zombie (D:9)
  2 worker ant zombies (D:5)
  4 gnolls (D:2)
  6 adders
  2 shadow imps
  An ooze (D:2)
  6 worms
  5 dart slugs
  18 orcs
  6 giant cockroaches
  10 hobgoblins
  6 jackals
  A quokka (D:5)
  A ball python (D:4)
  14 bats
  7 frilled lizards
  9 goblins
  10 kobolds
  A leopard gecko zombie (D:5)
  3 rats
139 creatures vanquished.

Vanquished Creatures (others)
  44 fungi (D:9)
  51 plants (D:9)
95 creatures vanquished.

Grand Total: 234 creatures vanquished

Notes
Turn   | Place    | Note
-------+----------+-------------------------------------------
     0 | D:1      | jasper the Spriggan Earth Elementalist began the quest for
                  | the Orb.
     0 | D:1      | Reached XP level 1. HP: 9/9 MP: 5/5
   218 | D:1      | Found an iron altar of Okawaru.
   232 | D:1      | Reached XP level 2. HP: 13/13 MP: 1/6
   712 | D:1      | Reached XP level 3. HP: 16/16 MP: 6/8
  1149 | D:2      | Reached skill level 1 in Short Blades
  1253 | D:2      | Reached XP level 4. HP: 21/21 MP: 4/9
  1257 | D:2      | Reached skill level 4 in Stealth
  1313 | D:2      | Learned a level 2 spell: Passwall
  1317 | D:2      | Learned a level 3 spell: Stone Arrow
  1561 | D:2      | You fall into a shaft and drop 2 floors!
  1561 | D:4      | Found a staircase to the Ecumenical Temple.
  1562 | D:4      | Noticed Ijyb
  1563 | D:4      | Found a sparkling altar of Nemelex Xobeh.
  1567 | Temple   | Entered the Ecumenical Temple
  1799 | Temple   | Became a worshipper of Vehumet
  1854 | Temple   | Killed Ijyb
  1855 | Temple   | Reached XP level 5. HP: 14/24 MP: 0/10
  2404 | D:4      | Reached skill level 5 in Stealth
  2493 | D:4      | Found Velag's Distillery.
  2499 | D:4      | Bought a potion of curing for 30 gold pieces
  2528 | D:4      | Found Ibolafumm's Jewellery Shoppe.
  2550 | D:4      | Found Awoeskon's Jewellery Emporium.
  2584 | D:4      | Found a stormy altar of Qazlal.
  2955 | D:2      | Reached XP level 6. HP: 24/28 MP: 0/11
  3650 | D:3      | Reached * piety under Vehumet
  3650 | D:3      | Offered knowledge of Freeze by Vehumet.
  3859 | D:3      | Found a sparkling altar of Nemelex Xobeh.
  4503 | D:4      | Found Nili's Antique Armour Emporium.
  4609 | D:4      | Found a runed translucent door.
  4609 | D:4      | Noticed krigyl's ghost (amateur TrEE)
  4739 | D:4      | Found Wooxomo's Antique Weapon Boutique.
  4844 | D:5      | Entered Level 5 of the Dungeon
  4873 | D:5      | Identified the +3 long sword of Prudence {venom, rElec rF+}
  5062 | D:5      | Learned a level 4 spell: Petrify
  5266 | D:5      | Reached skill level 6 in Stealth
  5266 | D:5      | Reached XP level 7. HP: 30/32 MP: 4/12
  5383 | D:5      | Offered knowledge of Magic Dart by Vehumet.
  5384 | D:5      | Reached skill level 7 in Stealth
  5455 | D:5      | You fall into a shaft and drop 3 floors!
  5471 | D:8      | Found Zin's Purification Station.
  5474 | D:8      | Found a glowing silver altar of Zin.
  5579 | D:8      | Reached skill level 8 in Stealth
  5674 | D:8      | Bought a potion of curing for 90 gold pieces
  5685 | D:8      | Noticed a hornet
  5695 | D:9      | Found a staircase to the Orcish Mines.
  5728 | D:9      | Reached ** piety under Vehumet
  5844 | D:9      | Reached skill level 5 in Transmutations
  5901 | D:9      | Reached skill level 9 in Stealth
  5954 | D:9      | Reached XP level 8. HP: 34/37 MP: 10/14
  5960 | D:9      | Reached skill level 5 in Earth Magic
  6217 | D:9      | Learned a level 5 spell: Lee's Rapid Deconstruction
  6277 | D:9      | Reached skill level 10 in Stealth
  6542 | D:9      | Noticed a komodo dragon
  6553 | D:9      | Reached skill level 5 in Spellcasting
  6556 | D:9      | Killed a komodo dragon
  6557 | D:9      | Reached XP level 9. HP: 5/40 MP: 12/18
  6855 | D:9      | HP: 2/40 [vampire mosquito (12)]
  6868 | D:9      | Mangled by a vampire mosquito

Illustrated notes

Levels and vault maps discovered:
D:1:      minmay_arrival_up_and_down, layout_loops_ring, columned_hall_lemuel,
          okawaru_ov_weapons_minmay
D:2:      layout_loops_ring
D:3:      layout_loops_corners, lemuel_round_altar
D:4:      layout_cave_pools, grunt_qazlal_sundering,
          minmay_temple_entry_statues_pillars, serial_shops, shop, shop,
          nicolae_shop_statue_plus, shop, nicolae_shop_behind_doors,
          ebering_ghost_inner_flame, nemelex_xobeh_ov_fountains_minmay,
          uniq_ijyb
D:5:      layout_basic
D:8:      layout_basic, grunt_temple_overflow_open, zin_purify, uniq_erica
D:9:      layout_irregular_city, due_lair_maze_entry_diamond, orc_0_dummy
Temple:   regret_index_temple_generic_petals

Skill      XL: |  1  2  3  4  5  6  7  8  9 |
---------------+----------------------------+-----
Transmutations | 2 3 4 5 |  5.0
Earth Magic    | 3 4 6 7 |  7.1
Short Blades   | 1 2 4 |  4.0
Stealth        | 4 5 6 9 10 | 10.8
Spellcasting   | 3 5 |  5.7
Fighting       | |  0.4
Dodging        | |  2.9
Conjurations   | |  0.2

Action                   |  1- 3 |  4- 6 |  7- 9 || total
-------------------------+-------+-------+-------++-------
Melee: Unarmed           |     1 |       |       ||     1
       Dagger            |     6 |    60 |     5 ||    71
 Cast: Sandblast         |    47 |   145 |    86 ||   278
       Petrify           |       |       |     2 ||     2
Evoke: Wand              |       |     1 |     4 ||     5
  Use: Potion            |       |     1 |     1 ||     2
 Stab: Sleeping          |     3 |    10 |     1 ||    14
       Petrified         |       |       |     2 ||     2
Armor: Robe              |     2 |     7 |     3 ||    12
Dodge: Dodged            |    21 |    99 |    64 ||   184

Table legend: (Time is in decaauts)
 A = Elapsed time spent in this place.
 B = Non-inter-level travel time spent in this place.
 C = Inter-level travel time spent in this place.
 D = Time resting spent in this place.
 E = Time spent auto-exploring this place.
 F = Levels seen in this place.
 G = Mean time per level.
                   A        B        C        D        E       F      G
               +--------+--------+--------+--------+--------+-----+--------+
         Total |   5451 |   5360 |     91 |    678 |   3757 |   8 |  681.4 |
       Dungeon |   4991 |   4916 |     75 |    407 |   3644 |   7 |  713.0 |
        Temple |    459 |    443 |     16 |    271 |    112 |   1 |  459.0 |
               +--------+--------+--------+--------+--------+-----+--------+

Top non-repeatable levels by time:
     D:9: 1077 daAuts
     D:2: 920 daAuts
     D:1: 869 daAuts
     D:3: 790 daAuts
     D:4: 628 daAuts
     D:5: 525 daAuts
  Temple: 459 daAuts
     D:8: 179 daAuts
